AoeStats
← Mr. Penis

QS Arena

503272900Analyzed
4v4 RM · 1mo ago on Aug 30, 2026· 52m 54s· 8 players
Game mode
Random Map
Map size
Large (8 player)
Population
200
Speed
Normal
Resources
Standard
Victory
Conquest
Starting age
Dark Age
Ending age
Imperial Age
RankedLock teamsTeams togetherTeam positionsShared explorationLock speedFull tech treeHidden civsTurbo modeCheats
Victory
Defeat
🇬🇧 Poles · United Kingdom
1204
+16
🇷🇺 Jurchens · Russia
1196
+16
🇸🇪 Koreans · Sweden
1184
+17
🇺🇸 Spanish · United States
1153
+18
🇺🇸 Cumans · United States
1252
-19
🇨🇦 Armenians · Canada
1228
-18
🇨🇳 Poles · China
1168
-15
🇦🇷 Persians · Argentina
1151
-14
Mr. Penis
8:36 Feudal Age
12:33 Castle Age
10:16 Horse Collar
11:04 Double-Bit Axe
14:14 Bow Saw
17:36 Fervor
19:52 Sanctity
21:17 Heavy Plow
21:37 Loom
25:38 Gold Mining
25:38 Stone Mining
26:23 Fortified Wall
30:33 Imperial Age
28:38 Wheelbarrow
27:48 Town Watch
29:27 Gold Shaft Mining
29:27 Stone Shaft Mining
30:41 Hand Cart
30:12 Town Watch
31:03 Stone Shaft Mining
31:02 Scale Barding Armor
31:07 Forging
31:43 Ballistics
31:04 Treadmill Crane
31:35 Masonry
31:30 Siege Engineers
32:13 Crop Rotation
32:26 Bloodlines
32:17 Husbandry
34:46 Elite Steppe Lancer
37:07 Conscription
37:39 Chain Barding Armor
37:55 Iron Casting
37:11 Fletching
37:33 Guilds
37:54 Coinage
37:24 Caravan
38:02 Architecture
37:18 Arrowslits
38:34 Chemistry
40:11 Siege Engineers
40:57 Banking
41:02 Murder Holes
43:30 Hoardings
43:32 Plate Barding Armor
53:03 Town Patrol
Jardel
8:06 Feudal Age
10:21 Loom
13:21 Castle Age
11:52 Double-Bit Axe
12:34 Horse Collar
18:25 Heavy Plow
21:13 Wheelbarrow
22:50 Crossbowman
26:34 Imperial Age
24:20 Fletching
25:43 Bodkin Arrow
25:45 Pikeman
28:30 Chemistry
26:52 Arbalester
27:59 Bracer
30:21 Ballistics
31:26 Conscription
31:18 Thumb Ring
33:53 Halberdier
35:31 Squires
35:33 Scale Mail Armor
35:43 Forging
36:58 Chain Mail Armor
40:45 Siege Engineers
42:11 Bow Saw
43:43 Heavy Rocket Cart
48:23 Elite Skirmisher
51:36 Hand Cart
51:07 Town Watch
53:54 Shinkichon
DerkerTheBerserker
1:24 Loom
7:35 Feudal Age
13:55 Castle Age
13:13 Double-Bit Axe
13:09 Horse Collar
19:05 Fletching
24:46 Masonry
43:20 Wheelbarrow
47:59 Hand Cart
47:30 Town Watch
52:54 Bloodlines
52:44 Husbandry
zoibe
9:02 Feudal Age
9:38 Double-Bit Axe
9:51 Horse Collar
15:13 Castle Age
13:37 Stone Mining
15:45 Forging
15:53 Heavy Plow
16:48 Bow Saw
21:22 Wheelbarrow
20:46 Gold Mining
23:33 Loom
24:27 Hand Cart
24:52 Iron Casting
25:08 Bloodlines
25:06 Scale Barding Armor
28:56 Imperial Age
27:02 Szlachta Privileges
27:42 Chain Barding Armor
28:46 Husbandry
29:19 Cavalier
30:31 Conscription
31:25 Blast Furnace
31:11 Scale Mail Armor
31:02 Fletching
31:20 Pikeman
33:02 Chain Mail Armor
34:14 Light Cavalry
35:26 Plate Mail Armor
34:51 Bodkin Arrow
35:10 Masonry
34:58 Capped Ram
36:54 Squires
37:33 Bracer
37:06 Siege Ram
38:00 Winged Hussar
40:02 Ballistics
39:38 Murder Holes
39:24 Treadmill Crane
40:23 Crop Rotation
40:22 Elite Obuch
42:53 Town Watch
43:23 Fortified Wall
44:14 Chemistry
46:15 Town Patrol
50:24 Man-at-Arms
51:07 Padded Archer Armor
51:57 Lechitic Legacy
Trailmaker
7:34 Feudal Age
8:22 Double-Bit Axe
9:36 Gold Mining
10:19 Horse Collar
18:24 Castle Age
18:54 Capped Ram
20:54 Bow Saw
21:25 Heavy Plow
22:13 Wheelbarrow
21:24 Loom
22:16 Scale Barding Armor
22:22 Forging
23:35 Stone Mining
24:48 Chain Barding Armor
25:03 Iron Casting
25:36 Bloodlines
31:01 Gold Shaft Mining
34:43 Imperial Age
32:01 Town Watch
32:43 Hand Cart
35:16 Cavalier
37:00 Plate Barding Armor
36:48 Squires
36:08 Pikeman
38:14 Scale Mail Armor
39:15 Blast Furnace
37:38 Halberdier
38:04 Arson
41:27 Crop Rotation
43:09 Conscription
43:12 Siege Ram
43:14 Onager
44:22 Masonry
44:08 Murder Holes
44:34 Ballistics
45:15 Chemistry
45:52 Chain Mail Armor
45:27 Fletching
47:02 Two-Man Saw
46:31 Steppe Husbandry
47:01 Paladin
49:05 Light Cavalry
50:44 Hoardings
50:05 Elite Kipchak
51:09 Town Patrol
51:07 Bodkin Arrow
51:43 Plate Mail Armor
trashypanda
5:44 Loom
7:29 Feudal Age
5:47 Loom
7:59 Man-at-Arms
9:14 Double-Bit Axe
8:59 Long Swordsman
9:27 Loom
15:25 Arson
18:01 Pikeman
25:32 Castle Age
23:51 Scale Mail Armor
24:01 Forging
25:33 Wheelbarrow
25:41 Two-Handed Swordsman
26:38 Chain Mail Armor
27:15 Iron Casting
26:41 Squires
27:56 Champion
29:39 Gambesons
30:57 Hand Cart
33:02 Halberdier
43:20 Imperial Age
44:44 Plate Mail Armor
45:16 Blast Furnace
que onda logi
6:05 Loom
7:51 Feudal Age
12:27 Castle Age
10:50 Double-Bit Axe
11:01 Horse Collar
20:08 Wheelbarrow
20:33 Heavy Plow
22:19 Scale Barding Armor
22:34 Bow Saw
22:56 Husbandry
23:07 Bloodlines
24:03 Hand Cart
23:37 Town Watch
27:05 Bloodlines
28:00 Forging
33:40 Chain Barding Armor
40:09 Gold Mining
46:06 Town Patrol
50:22 Imperial Age
uu
9:31 Feudal Age
11:34 Double-Bit Axe
14:57 Castle Age
12:50 Horse Collar
16:13 Heavy Plow
16:29 Bow Saw
16:24 Heavy Plow
17:54 Bow Saw
18:33 Loom
21:40 Wheelbarrow
22:01 Gold Mining
22:01 Stone Mining
22:43 Hand Cart
25:03 Stone Shaft Mining
28:29 Imperial Age
26:19 Szlachta Privileges
28:47 Forging
28:43 Scale Barding Armor
29:17 Cavalier
30:39 Iron Casting
30:31 Bloodlines
30:22 Husbandry
30:50 Conscription
31:23 Chain Barding Armor
32:59 Blast Furnace
32:04 Light Cavalry
33:48 Fletching
33:59 Padded Archer Armor
33:21 Winged Hussar
34:33 Treadmill Crane
35:53 Chemistry
34:52 Bodkin Arrow
36:17 Lechitic Legacy
35:54 Elite Skirmisher
36:40 Thumb Ring
36:38 Bracer
36:53 Leather Archer Armor
37:00 Ballistics
38:47 Hoardings
39:55 Fortified Wall
43:25 Scale Mail Armor
45:08 Crop Rotation
48:22 Capped Ram
Connection lost

Rejoining the realm…

Still unreachable

The connection could not be restored.

Session expired

The server has moved on; the page needs a fresh start.